 Dungeon Crawl Stone Soup version 0.25.0-33-gff14898491 (webtiles) character file.

Game seed: 11694504284977014478

1176 Peloso the Covered (level 8, -1/61 HPs)
             Began as a Demonspawn Fighter on July 6, 2020.
             Was a Believer of Okawaru.
             Slain by a wyvern zombie (5 damage)
             ... on level 7 of the Dungeon.
             The game lasted 00:10:16 (8277 turns).

Peloso the Covered (Demonspawn Fighter)             Turns: 8277, Time: 00:10:17

Health: -1/61      AC: 12    Str: 19    XL:     8   Next: 18%
Magic:  8/8        EV:  4    Int: 15    God:    Okawaru [**....]
Gold:   275        SH: 10    Dex: 13    Spells: 7/7 levels left

rFire    + . .     SeeInvis .   a - +0 long sword
rCold    . . .     Gourm    .   c - +0 kite shield
rNeg     . . .     Faith    +   m - +0 plate armour
rPois    .         Spirit   .   (no helmet)
rElec    .         Reflect  .   (no cloak)
rCorr    .         Harm     .   (no gloves)
MR       .....                  (no boots)
Stlth    ..........             q - amulet of faith
HPRegen  0.20/turn              i - +6 ring of intelligence
MPRegen  0.11/turn              n - ring of stealth

@: no status effects
A: hooves 1, fire resistance 1, powered by death 1, flame cloud immunity
a: Heroism, Renounce Religion


You were on level 7 of the Dungeon.
You worshipped Okawaru.
Okawaru was pleased with you.
You were not hungry.

You visited 1 branch of the dungeon, and saw 7 of its levels.

You collected 275 gold pieces.

Inventory:

Hand Weapons
 a - a +0 long sword (weapon)
 b - a +2 hand axe of flaming
Armour
 c - a +0 kite shield (worn)
 m - a +0 plate armour (worn)
Jewellery
 g - an uncursed ring of ice
 i - a +6 ring of intelligence (left hand)
 l - an uncursed ring of fire
 n - a ring of stealth (right hand)
 q - an amulet of faith (around neck)
 s - the ring of the Trout {rPois rC- Int+4 Stlth-}
   (You found it on level 4 of the Dungeon)

   [ring of attention]

   It affects your intelligence (+4).
   It makes you vulnerable to cold.
   It protects you from poison.
   It makes you less stealthy.
 w - an uncursed ring of stealth
 x - an uncursed amulet of magic regeneration
Wands
 y - a wand of polymorph (16)
 B - a wand of paralysis (10)
 F - a wand of enslavement (4)
Scrolls
 e - a scroll of fog
 j - 4 scrolls of remove curse
 k - 3 scrolls of teleportation
 t - a scroll of noise
 u - 2 scrolls of identify
 A - a scroll of blinking {unknown}
Potions
 d - 4 potions of might
 h - a potion of resistance
 o - a potion of stabbing
 p - 2 potions of cancellation
 r - a potion of magic
 v - a potion of curing
 z - a potion of brilliance {unknown}
 C - a potion of flight
 E - a potion of heal wounds {unknown}
Comestibles
 f - 9 rations


   Skills:
 + Level 4.4 Fighting
 + Level 5.2 Long Blades
 + Level 5.5 Armour
 + Level 1.2 Dodging
 + Level 0.1 Stealth
 + Level 5.0 Shields
 + Level 1.0 Unarmed Combat


You had 7 spell levels left.
You didn't know any spells.
Your spell library was empty.

Dungeon Overview and Level Annotations

Branches:
Dungeon (7/15)             Temple (0/1) D:5

Altars:
Fedhas
Hepliaklqana
Makhleb
Okawaru
Qazlal
Zin

Shops:
D:6 [

Annotations:
D:4 exclusion: oklob plant


Innate Abilities, Weirdness & Mutations

You have large cloven feet.
Your flesh is heat resistant. (rF+)
You regenerate a little health from kills.
You are immune to clouds of flame.


Message History

Your shield and plate armour prevent you from hitting the wyvern zombie.
The wyvern zombie is moderately damaged.
The wyvern zombie bites you! x2
* * * LOW HITPOINT WARNING * * *
You slash the wyvern zombie! Your kick misses the wyvern zombie.
The wyvern zombie is severely damaged.
The wyvern zombie bites you but does no damage.
You hit the wyvern zombie. You kick the wyvern zombie.
The wyvern zombie is severely damaged.
You block the wyvern zombie's attack.
The wyvern zombie bites you but does no damage.
You barely miss the wyvern zombie. You kick the wyvern zombie.
The wyvern zombie is severely damaged.
The wyvern zombie bites you!
* * * LOW HITPOINT WARNING * * *
You hit the wyvern zombie.
The wyvern zombie is almost destroyed.
The wyvern zombie bites you but does no damage.
The wyvern zombie bites you.
You die...

#...########
#..........#
#..........#
#..........#
#..........#
#...#####+##
#..<#.<....#
#...#Z.....#
#...@......#
#...#......#
#...#......#
#####......#
#######


You could see a wyvern zombie.

Vanquished Creatures
  An ice beast (D:6)
  A phantom (D:6)
  A sky beast (D:5)
  An ogre (D:6)
  A black bear (D:6)
  A centaur (D:5)
  2 bullfrogs (D:6)
  A hound (D:5)
  5 orc priests
  An iguana (D:6)
  4 orc wizards
  A worker ant (D:5)
  A hound skeleton (D:6)
  6 adders
  2 shadow imps
  An adder zombie (D:5)
  A worm (D:2)
  3 dart slugs
  16 orcs
  3 ball pythons
  5 giant cockroaches
  7 goblins
  3 hobgoblins
  6 jackals
  13 kobolds
  2 quokkas
  5 bats
  A frilled lizard (D:3)
  A giant cockroach zombie (D:6)
  A leopard gecko skeleton (D:6)
  A leopard gecko zombie (D:5)
  8 rats
106 creatures vanquished.

Notes
Turn   | Place    | Note
-------+----------+-------------------------------------------
     0 | D:1      | Peloso the Demonspawn Fighter began the quest for the Orb.
     0 | D:1      | Reached XP level 1. HP: 18/18 MP: 1/1
   234 | D:1      | Gained mutation: Your flesh is heat resistant. (rF+)
                  | [demonic ancestry]
   234 | D:1      | Reached XP level 2. HP: 22/24 MP: 2/2
  1243 | D:2      | Found a faded altar of an unknown god.
  1304 | D:2      | Reached XP level 3. HP: 18/29 MP: 3/3
  1487 | D:2      | HP: 1/29 [poisoned by an adder]
  2352 | D:3      | Gained mutation: You are immune to clouds of flame.
                  | [demonic ancestry]
  2352 | D:3      | Reached XP level 4. HP: 31/35 MP: 4/4
  3460 | D:4      | Found a glowing silver altar of Zin.
  3476 | D:4      | Got a bound golden ring
  3906 | D:4      | Identified the ring of the Trout {rPois rC- Int+4 Stlth-}
                  | (You found it on level 4 of the Dungeon)
  3952 | D:4      | Found a blossoming altar of Fedhas.
  3966 | D:4      | Noticed an oklob plant
  4083 | D:4      | Found a hazy altar of Hepliaklqana.
  4083 | D:4      | Found an iron altar of Okawaru.
  4085 | D:4      | Found a blossoming altar of Fedhas.
  4085 | D:4      | Found a burning altar of Makhleb.
  4101 | D:4      | Became a worshipper of Warmaster Okawaru
  4215 | D:5      | Entered Level 5 of the Dungeon
  4330 | D:4      | Gained mutation: You regenerate a little health from kills.
                  | [demonic ancestry]
  4330 | D:4      | Reached XP level 5. HP: 27/41 MP: 5/5
  4568 | D:5      | Found a stormy altar of Qazlal.
  4570 | D:5      | Noticed a fire elemental
  4571 | D:5      | Noticed an air elemental
  4571 | D:5      | Noticed a water elemental
  5135 | D:4      | Reached XP level 6. HP: 21/47 MP: 6/6
  5440 | D:5      | Reached * piety under Okawaru
  5696 | D:5      | Noticed a sky beast
  5706 | D:5      | Killed a sky beast
  5918 | D:5      | Reached XP level 7. HP: 34/53 MP: 7/7
  6127 | D:5      | Found a staircase to the Ecumenical Temple.
  6450 | D:6      | Reached skill level 1 in Dodging
  6853 | D:6      | Reached skill level 5 in Armour
  6995 | D:6      | Reached ** piety under Okawaru
  7244 | D:6      | Reached skill level 5 in Long Blades
  7244 | D:6      | Reached skill level 1 in Unarmed Combat
  7244 | D:6      | Gained mutation: You have large cloven feet. [demonic
                  | ancestry]
  7244 | D:6      | Reached XP level 8. HP: 9/61 MP: 8/8
  7946 | D:6      | Reached skill level 5 in Shields
  8071 | D:6      | Found Joxef's Armour Shop.
  8277 | D:7      | Slain by a wyvern zombie

Illustrated notes

Levels and vault maps discovered:
D:1:      ebering_trefoil_3fold, layout_basic
D:2:      layout_basic, chequers_ecumenical_altar_island
D:3:      layout_basic
D:4:      layout_loops_corners, grunt_temple_overflow_open,
          nicolae_overflow_crystal_walls, tgw_fedhas
D:5:      layout_gridville, minmay_temple_entry_nine_rooms, first_ration,
          nicolae_qazlal_style_of_elements
D:6:      layout_gridville, serial_shops, shop,
          hangedman_abyss_or_decor_jellyfish_corner,
          hangedman_abyss_or_decor_stagger
D:7:      layout_gridville, grunt_livestock, minmay_misc_feat_enclosed

Skill      XL: |  1  2  3  4  5  6  7  8 |
---------------+-------------------------+-----
Long Blades    | 2 3 4 5 |  5.2
Armour         | 3 4 5 |  5.5
Shields        | 3 4 5 |  5.0
Fighting       | 4 |  4.4
Dodging        | 1 |  1.2
Unarmed Combat | 1 |  1.0
Stealth        | |  0.1

Action                   |  1- 3 |  4- 6 |  7- 9 || total
-------------------------+-------+-------+-------++-------
Melee: Long sword        |   157 |   273 |   146 ||   576
       Unarmed           |       |       |     9 ||     9
       Kick              |       |       |    13 ||    13
Invok: Heroism           |       |       |     1 ||     1
  Use: Potion            |     5 |       |       ||     5
       Scroll            |       |     9 |       ||     9
  Eat: Chunk             |     5 |     7 |     9 ||    21
       Ration            |       |     1 |       ||     1
Armor: Scale mail        |    41 |       |       ||    41
       Plate armour      |    81 |   245 |    87 ||   413
       Skin              |       |       |     2 ||     2
Dodge: Dodged            |    40 |    42 |    34 ||   116
Block: Kite shield       |   114 |   156 |    66 ||   336
       Rpst.: Long sword |    17 |    14 |     8 ||    39
